AoeStats
← dashuaibi

Pilgrims

507960175Analyzed
4v4 RM · 13d ago on Sep 20, 2026· 45m 59s· 8 players
Game mode
Random Map
Map size
Large (8 player)
Population
200
Speed
Normal
Resources
Standard
Victory
Conquest
Starting age
Dark Age
Ending age
Imperial Age
RankedLock teamsTeams togetherTeam positionsShared explorationLock speedFull tech treeHidden civsTurbo modeCheats
Victory
Defeat
🇨🇳 Vietnamese · China
1360
+15
🇨🇳 Saracens · China
1355
+15
🇨🇳 Persians · China
1345
+15
🇦🇺 Romans · Australia
1273
+19
🇻🇳 Japanese · Vietnam
1349
-17
🇨🇳 Malians · China
1339
-16
🇦🇷 Koreans · Argentina
1333
-16
🇭🇰 Celts · Hong Kong SAR China
1306
-15
779567130
10:36 Loom
13:27 Feudal Age
14:20 Double-Bit Axe
14:36 Fishing Lines
22:43 Castle Age
23:35 Bow Saw
28:09 Scale Mail Armor
31:15 Chain Mail Armor
34:29 Fletching
35:37 Bodkin Arrow
烤乳猪
5:32 Loom
12:09 Feudal Age
13:20 Fishing Lines
16:22 Castle Age
15:15 Man-at-Arms
15:56 Scale Mail Armor
16:06 Forging
16:04 Double-Bit Axe
17:16 Medium Warships
18:21 Careening
20:59 Demolition Ship
21:25 Long Swordsman
23:47 Squires
24:00 Horse Collar
24:59 Pikeman
26:36 Wheelbarrow
29:36 Sanctity
32:10 Town Watch
32:19 Gold Mining
34:45 Fervor
37:03 Fletching
40:51 Imperial Age
44:21 Chain Mail Armor
44:17 Forging
44:30 Two-Handed Swordsman
ost.nostalgia
6:41 Loom
13:19 Feudal Age
14:53 Double-Bit Axe
17:23 Castle Age
15:55 Horse Collar
16:07 Gold Mining
16:11 Stone Mining
17:31 Town Watch
18:26 Bow Saw
20:23 Wheelbarrow
20:00 Heavy Plow
21:30 Scale Mail Armor
22:56 Scale Mail Armor
26:02 Chain Mail Armor
25:59 Forging
26:36 Hand Cart
29:41 Iron Casting
29:08 Squires
28:54 Arson
33:13 Imperial Age
34:31 Plate Mail Armor
34:55 Plate Mail Armor
36:31 Blast Furnace
36:58 Fletching
41:30 Conscription
41:01 Elite Samurai
44:44 Bodkin Arrow
Kelly271888
10:15 Loom
12:40 Feudal Age
13:37 Double-Bit Axe
13:58 Town Watch
15:17 Fletching
15:33 Fishing Lines
17:11 Wheelbarrow
17:55 Padded Archer Armor
20:30 Castle Age
18:32 Horse Collar
21:23 Medium Warships
21:10 Bodkin Arrow
23:19 Leather Archer Armor
26:43 Hand Cart
27:23 Ballistics
28:05 Scale Mail Armor
28:17 Heavy Plow
28:30 Bow Saw
31:08 Chain Mail Armor
30:52 Gold Mining
35:24 Imperial Age
34:31 Town Patrol
34:44 Forging
33:55 Pikeman
34:21 Gambesons
34:21 Arson
36:12 Iron Casting
37:08 Heavy Warships
37:59 Conscription
37:21 Halberdier
37:45 Man-at-Arms
38:23 Stone Mining
39:08 Gold Shaft Mining
38:22 Long Swordsman
40:43 Plate Mail Armor
42:04 Blast Furnace
41:02 Murder Holes
41:17 Masonry
41:40 Elite Woad Raider
42:59 Two-Handed Swordsman
43:31 Stronghold
43:53 Champion
其色孤白
5:10 Loom
11:33 Feudal Age
12:23 Double-Bit Axe
12:31 Fishing Lines
17:00 Castle Age
15:32 Gold Mining
18:15 Bow Saw
18:15 Gillnets
18:57 Fletching
19:30 Medium Warships
22:00 Scale Barding Armor
22:05 Forging
22:38 Wheelbarrow
27:13 Gold Shaft Mining
27:34 Iron Casting
43:23 Town Watch
43:32 Town Watch
45:20 Hand Cart
dashuaibi
4:42 Loom
13:28 Feudal Age
14:28 Fishing Lines
14:54 Fletching
17:04 Wheelbarrow
21:07 Castle Age
18:54 Double-Bit Axe
19:00 Gold Mining
20:16 Forging
22:13 Medium Warships
21:59 Gillnets
22:49 Iron Casting
24:30 Bow Saw
27:55 Imperial Age
27:18 Gold Shaft Mining
26:34 Stone Mining
26:37 Horse Collar
27:32 Clinker Construction
29:48 Hand Cart
33:46 Blast Furnace
33:09 Careening
34:14 Heavy Warships
35:28 Heavy Plow
36:05 Bloodlines
35:55 Husbandry
35:16 Light Cavalry
36:59 Scale Barding Armor
36:53 Town Watch
38:30 Two-Man Saw
38:21 Hussar
39:49 Chain Barding Armor
40:40 Conscription
41:51 Plate Barding Armor
41:42 Caravan
42:56 Bodkin Arrow
43:14 Masonry
44:07 Chemistry
42:56 Elite Mameluke
Flash Git
7:01 Loom
11:48 Feudal Age
12:41 Fishing Lines
17:02 Castle Age
15:30 Horse Collar
15:43 Double-Bit Axe
17:43 Gillnets
18:27 Bow Saw
23:55 Wheelbarrow
23:52 Heavy Plow
23:24 Man-at-Arms
24:50 Long Swordsman
25:30 Squires
26:16 Scale Mail Armor
26:27 Town Watch
27:03 Forging
27:56 Chain Mail Armor
33:26 Iron Casting
37:18 Careening
39:41 Imperial Age
37:32 Hand Cart
41:19 Comitatenses
40:40 Legionary
42:01 Pikeman
44:46 Crop Rotation
44:34 Halberdier
45:35 Siege Engineers
45:51 Ballistics
姬七兮
5:12 Loom
10:34 Feudal Age
14:39 Fletching
15:41 Double-Bit Axe
19:32 Castle Age
17:38 Gold Mining
20:21 Bodkin Arrow
21:40 Wheelbarrow
21:19 Medium Warships
23:56 Fishing Lines
25:59 Gillnets
27:13 Hand Cart
28:29 Bow Saw
33:23 Thumb Ring
35:57 Imperial Age
33:41 Stone Mining
34:18 Town Watch
35:54 Husbandry
36:23 Bloodlines
36:15 Padded Archer Armor
37:52 Bracer
39:02 Chemistry
39:17 Ballistics
39:08 Town Patrol
43:14 Siege Engineers
43:57 Heavy Cavalry Archer
Connection lost

Rejoining the realm…

Still unreachable

The connection could not be restored.

Session expired

The server has moved on; the page needs a fresh start.